 Dungeon Crawl Stone Soup version 0.28-a0-683-ga8797d1ae1 (webtiles) character file.

Game seed: 16739122755846951031

55697 blank1 the Warrior (level 14, -1/144 HPs)
             Began as a Minotaur Fighter on Oct 19, 2021.
             Was the Champion of Okawaru.
             Slain by Soleutoll's ghost (4 damage)
             ... on level 6 of the Lair of Beasts.
             The game lasted 00:46:03 (13817 turns).

blank1 the Warrior (Minotaur Fighter)              Turns: 13817, Time: 00:46:04

Health: -1/144     AC: 22    Str: 34    XL:     14   Next: 39%
Magic:  17/17      EV: 10    Int:  5    God:    Okawaru [******]
Gold:   1103       SH: 12    Dex: 11    Spells: 13/13 levels left

rFire   + . .      SeeInvis .   F - +3 morningstar (holy)
rCold   . . .      Faith    .   s - +1 kite shield
rNeg    . . .      Spirit   .   o - +0 plate armour
rPois   .          Reflect  .   (helmet restricted)
rElec   .          Harm     .   y - +2 cloak
rCorr   .          Rampage  .   J - +2 pair of gloves {Str+3}
Will    +....                   (no boots)
Stlth   ..........              e - amulet of regeneration
HPRegen 1.34/turn               l - +6 ring of strength
MPRegen 0.15/turn               k - ring of protection from fire

@: lethally poisoned (-1 -> -2), afraid, spiked
A: horns 2, retaliatory headbutt
a: Renounce Religion, Heroism, Finesse, Duel


You were on level 6 of the Lair of Beasts.
You worshipped Okawaru.
Okawaru was exalted by your worship.
You visited 3 branches of the dungeon, and saw 18 of its levels.
You visited the Abyss 1 time.
You also visited: Volcano.

You collected 1103 gold pieces.

Inventory:

Hand Weapons
 n - a +3 antimagic morningstar
 F - a +3 morningstar of holy wrath (weapon)
Armour
 o - a +0 plate armour (worn)
 s - a +1 kite shield (worn)
 y - a +2 cloak (worn)
 J - a +2 pair of gloves of strength (worn)
Jewellery
 e - an amulet of regeneration (around neck)
 g - a ring of willpower
 k - a ring of protection from fire (right hand)
 l - a +6 ring of strength (left hand)
Wands
 f - a wand of polymorph (14)
 t - a wand of paralysis (15)
 u - a wand of acid (17)
 v - a wand of flame (19)
 w - a wand of iceblast (10)
 z - a wand of digging (8)
Scrolls
 a - 8 scrolls of teleportation
 c - a scroll of identify
 d - 3 scrolls of holy word
 j - 6 scrolls of blinking
 p - 3 scrolls of enchant weapon
 E - a scroll of amnesia
 G - 4 scrolls of fog
 H - a scroll of magic mapping
Potions
 b - 3 potions of mutation
 h - 2 potions of lignification
 i - 2 potions of curing
 m - 3 potions of ambrosia
 q - 4 potions of magic
 r - 2 potions of resistance
 x - 3 potions of invisibility
 A - 2 potions of flight
 B - 3 potions of attraction {unknown}
 C - a potion of might
 D - 4 potions of heal wounds
 I - a potion of berserk rage {unknown}
 L - a potion of cancellation


   Skills:
 + Level 18.3 Fighting
 - Level 16.0 Maces & Flails
 + Level 11.6 Armour
 - Level 8.0 Dodging
 - Level 11.0 Shields
 - Level 6.0 Invocations


You had 13 spell levels left.
You didn't know any spells.
Your spell library contained the following spells:

 Spells                   Type           Power      Damage    Failure   Level
 Apportation              Tloc           0%         N/A       99%         1
 Beastly Appendage        Tmut           0%         N/A       99%         1
 Pain                     Necr           0%         1d4       99%         1
 Blink                    Tloc           N/A        N/A       100%        2
 Slow                     Hex            0%         N/A       100%        2
 Wereblood                Tmut           0%         N/A       100%        2
 Confusing Touch          Hex            0%         N/A       100%        3
 Gell's Gravitas          Tloc           0%         N/A       100%        3
 Lesser Beckoning         Tloc           0%         N/A       100%        3
 Spider Form              Tmut/Pois      0%         N/A       100%        3
 Teleport Other           Tloc           0%         N/A       100%        3
 Vampiric Draining        Necr           0%         2d6       100%        3
 Petrify                  Tmut/Erth      0%         N/A       100%        4
 Agony                    Necr           0%         N/A       100%        5
 Excruciating Wounds      Necr           0%         N/A       100%        5
 Freezing Cloud           Conj/Ice/Air   0%         6-21      100%        5
 Lee's Rapid Deconstruct  Erth           0%         3d5*      100%        5
 Manifold Assault         Tloc           0%         N/A       100%        5
 Dispersal                Tloc           0%         N/A       100%        6
 Lehudib's Crystal Spear  Conj/Erth      0%         10d2      100%        8
 Polar Vortex             Ice            0%         N/A       100%        9
 Animate Skeleton         Necr           Unusable   N/A       N/A         1
 Summon Small Mammal      Summ           Unusable   N/A       N/A         1
 Simulacrum               Ice/Necr       Unusable   N/A       N/A         6

Dungeon Overview and Level Annotations

Branches:
Dungeon (11/15)            Temple (1/1) D:4            Lair (6/6) D:10
  Swamp (0/4) Lair:3       Spider (0/4) Lair:3        Slime (0/5) Lair:5
Volcano (visited)
    Orc: D:9-12

Altars:
Ashenzari
Cheibriados
Dithmenos
Elyvilon
Fedhas
Gozag
Hepliaklqana
Kikubaaqudgha
Makhleb
Nemelex Xobeh
Okawaru
Qazlal
Ru
Sif Muna
Trog
Uskayaw
Vehumet
Wu Jian
Xom
Yredelemnul
Zin
The Shining One
Jiyva

Shops:
D:1 *

Annotations:
Lair:4 exclusion: 2 oklob plants
Lair:6 1 transporter, Soleutoll's ghost, journeyman GnVM


Innate Abilities, Weirdness & Mutations

You have a pair of horns on your head.
You reflexively headbutt those who attack you in melee.


Message History

You hit the red devil.
The red devil convulses.
You headbutt the red devil, but do no damage.
The red devil is moderately wounded.
Your shield and plate armour prevent you from hitting the red devil.
You headbutt the red devil, but do no damage.
The red devil is moderately wounded.
The red devil hits you with a +2 demon trident of freezing.
Barbed spikes become lodged in your body.
The red devil freezes you. You block Soleutoll's ghost's attack.
You impale the red devil!!
You kill the red devil!
Okawaru accepts your kill.
Soleutoll's ghost points at you and mumbles some strange words.
The sting hits you.
You are poisoned.
Your shield and plate armour prevent you from hitting Soleutoll's ghost.
Your headbutt misses Soleutoll's ghost.
Soleutoll's ghost is lightly damaged.
You feel sick.
You attempt to attack Soleutoll's ghost, but flinch away in fear!
You feel sick. Soleutoll's ghost hits you!!
* * * LOW HITPOINT WARNING * * *
Soleutoll's ghost freezes you!
* * * LOW HITPOINT WARNING * * *
You thump Soleutoll's ghost!
Soleutoll's ghost convulses!
Your headbutt misses Soleutoll's ghost.
Soleutoll's ghost is moderately damaged.
Soleutoll's ghost whispers, "Meet the emptiness of death!"
Soleutoll's ghost casts a spell at you. The sting hits you but does no damage.
You are more poisoned.
You closely miss Soleutoll's ghost.
Soleutoll's ghost is moderately damaged.
You feel sick. Soleutoll's ghost barely misses you.
You hit Soleutoll's ghost but do no damage.
Soleutoll's ghost is moderately damaged.
You feel sick. Soleutoll's ghost hits you!
* * * LOW HITPOINT WARNING * * *
Soleutoll's ghost freezes you.
You die...

..........#$.#.. ..(.#.........
.........##.#...#####.##.........
........##..####...#^.#......†...
........##...#.##....##..........
.........##Y##..#).†##...........
.#.#......###..##...#............
#.##P.....[....##...#............
#####...).....###.#.###..........
##.....#####.@W.## #...#......
#.....##.##.)###...##..#......
##..†.#u.....#©##.#$#©.#......
##....####.###..##.##..P......
#.#......####....###..........
###.....................#.....
##......................##...
#.#...(........###......###.#
######........##..#######..## ###


You could see Soleutoll's ghost (scary).

Vanquished Creatures
  Nessos (Lair:6)
  Snorg (Lair:3)
  A fire dragon (Volcano)
  5 hydras
  2 two-headed ogres
  2 catoblepae
  6 death yaks (Lair:5)
  A hell hog (Volcano)
  A large abomination (Lair:6)
  Sonja (Lair:2)
  Nergalle (D:11)
  A lindwurm (Lair:6)
  A bog body (Lair:3)
  2 cyclopes (D:11)
  An ugly thing (Lair:6)
  A manticore (Lair:6)
  15 elephants
  A gargoyle (D:11)
  6 black mambas
  19 cane toads
  4 torpor snails
  A smoke demon (Lair:6)
  An unseen horror (D:11)
  3 rime drakes
  9 komodo dragons
  A red devil (Lair:6)
  2 polar bears
  3 blink frogs (Lair:6)
  3 raiju (Abyss:1)
  2 hornets
  A slime creature (D:10)
  6 dream sheep
  Sigmund (D:5)
  A spriggan (Lair:6)
  A wyvern (shapeshifter) (Lair:6)
  A shadow (D:10)
  A ynoxinul (Lair:2)
  62 yaks
  A wraith (D:11)
  4 wyverns
  A neqoxec (Abyss:1)
  2 basilisks
  2 vampire mosquitoes (D:11)
  4 steam dragons
  13 water moccasins
  A hell hound (Volcano)
  2 ice beasts
  3 orc warriors
  A necrophage (D:5)
  14 wolves
  4 black bears
  4 ogres
  4 centaurs
  A kobold brigand (D:9)
  15 bullfrogs
  A wyvern zombie (D:5)
  3 scorpions
  A water moccasin zombie (D:6)
  15 killer bees
  9 wights (D:8)
  3 howler monkeys
  6 centaur zombies
  An orc priest (D:11)
  A centaur skeleton (D:5)
  3 hounds
  A bullfrog skeleton (D:3)
  5 iguanas
  5 orc wizards
  5 hell rats (Lair:3)
  3 gnolls (D:2)
  9 adders
  An adder skeleton (D:4)
  3 worms (D:2)
  2 dart slugs
  16 orcs
  6 ball pythons
  9 bats
  7 endoplasms
  7 giant cockroaches
  5 goblins
  13 hobgoblins
  4 jackals (D:3)
  3 quokkas
  4 frilled lizards
  7 kobolds
  6 rats
412 creatures vanquished.

Vanquished Creatures (others)
  48 fungi
  83 plants
131 creatures vanquished.

Grand Total: 543 creatures vanquished

Notes
Turn   | Place    | Note
-------+----------+-------------------------------------------
     0 | D:1      | blank1 the Minotaur Fighter began the quest for the Orb.
     0 | D:1      | Reached XP level 1. HP: 19/19 MP: 0/0
   134 | D:1      | Reached XP level 2. HP: 27/27 MP: 1/1
   267 | D:1      | Found Pifa's Assorted Antiques.
   357 | D:1      | Found a faded altar of an unknown god.
   400 | D:1      | Reached skill level 1 in Dodging
   660 | D:2      | Reached skill level 4 in Fighting
   661 | D:2      | Found a bloodstained altar of Trog.
   708 | D:2      | Reached XP level 3. HP: 33/33 MP: 2/2
   830 | D:2      | Reached XP level 4. HP: 33/40 MP: 3/3
  1243 | D:3      | Reached XP level 5. HP: 44/47 MP: 1/4
  1325 | D:3      | Reached skill level 5 in Fighting
  1325 | D:3      | Reached skill level 5 in Maces & Flails
  1332 | D:3      | Noticed an ice beast
  1341 | D:3      | Killed an ice beast
  1342 | D:3      | Reached XP level 6. HP: 56/56 MP: 1/5
  1952 | D:4      | Found a staircase to the Ecumenical Temple.
  1962 | Temple   | Entered the Ecumenical Temple
  2078 | Temple   | Became a worshipper of Warmaster Okawaru
  2824 | D:5      | Entered Level 5 of the Dungeon
  2864 | D:5      | Reached skill level 1 in Invocations
  2874 | D:5      | Reached skill level 6 in Fighting
  2904 | D:5      | Reached XP level 7. HP: 63/63 MP: 2/8
  2919 | D:5      | Noticed Sigmund
  2931 | D:5      | Killed Sigmund
  2931 | D:5      | Reached * piety under Okawaru
  2932 | D:5      | Reached skill level 5 in Armour
  3111 | D:5      | Reached skill level 7 in Fighting
  3225 | D:5      | Reached skill level 8 in Fighting
  3225 | D:5      | Reached XP level 8. HP: 51/74 MP: 3/9
  4444 | D:7      | Reached ** piety under Okawaru
  4445 | D:7      | Reached skill level 5 in Shields
  4539 | D:7      | Reached XP level 9. HP: 82/82 MP: 3/11
  4545 | D:7      | Reached skill level 9 in Fighting
  4679 | D:7      | Reached *** piety under Okawaru
  4690 | D:7      | HP: 4/84 [killer bee (8)]
  4800 | D:8      | Reached skill level 10 in Fighting
  5025 | D:8      | Reached skill level 5 in Invocations
  5196 | D:8      | Found a shadowy altar of Dithmenos.
  5575 | D:9      | Reached **** piety under Okawaru
  5576 | D:9      | Reached skill level 10 in Maces & Flails
  5768 | D:9      | Received a gift from Okawaru
  5769 | D:9      | Reached XP level 10. HP: 80/93 MP: 4/12
  6040 | D:10     | Entered Level 10 of the Dungeon
  6040 | D:10     | Noticed a two-headed ogre
  6047 | D:9      | Killed a two-headed ogre
  6162 | D:10     | Reached ***** piety under Okawaru
  6401 | D:10     | Noticed a two-headed ogre
  6418 | D:10     | Killed a two-headed ogre
  6418 | D:10     | Received a gift from Okawaru
  6419 | D:10     | Reached skill level 11 in Fighting
  6493 | D:10     | Reached skill level 12 in Fighting
  6538 | D:10     | Found a staircase to the Lair.
  6682 | D:11     | Noticed a cyclops
  6687 | D:11     | Killed a cyclops
  6741 | D:11     | Reached XP level 11. HP: 104/104 MP: 4/13
  6794 | D:11     | Noticed Nergalle
  6823 | D:11     | Killed Nergalle
  6897 | D:11     | Identified the +4 ring mail of Syruch {rC+ rCorr MP+9
                  | Int+2} (Okawaru gifted it to you on level 11 of the
                  | Dungeon)
  6897 | D:11     | Received a gift from Okawaru
  7499 | Lair:1   | Entered Level 1 of the Lair of Beasts
  7542 | Lair:1   | Reached skill level 13 in Fighting
  8339 | Lair:2   | Reached skill level 14 in Fighting
  8419 | Lair:2   | Reached ****** piety under Okawaru
  8420 | Lair:2   | Reached XP level 12. HP: 90/117 MP: 4/14
  8589 | Lair:2   | Received a gift from Okawaru
  8718 | Lair:2   | You fall into a shaft and drop 2 floors!
  8733 | Lair:4   | Reached skill level 5 in Dodging
  8809 | Lair:4   | Received a gift from Okawaru
  8919 | Lair:4   | Reached skill level 15 in Fighting
  8919 | Lair:4   | Reached skill level 15 in Maces & Flails
  8960 | Lair:2   | Noticed Sonja
  8976 | Lair:2   | Cast into level 1 of the Abyss (Sonja)
  8978 | Abyss:1  | Found a corrupted altar of Lugonu.
  9112 | Lair:2   | Escaped the Abyss
  9128 | Lair:2   | Killed Sonja
  9571 | Lair:3   | Found a hole to the Spider Nest.
  9673 | Lair:3   | Found a staircase to the Swamp.
  9707 | Lair:3   | Reached skill level 10 in Armour
  9707 | Lair:3   | Reached skill level 10 in Shields
  9943 | Lair:3   | Noticed Snorg
  9966 | Lair:3   | HP: 4/119 [Snorg (14)]
  9967 | Lair:3   | Killed Snorg
  9967 | Lair:3   | Received a gift from Okawaru
 10195 | Lair:3   | Reached XP level 13. HP: 117/125 MP: 16/16
 10882 | Lair:4   | Paralysed by a floating eye for 4 turns
 11095 | Lair:4   | Received a gift from Okawaru
 11223 | Lair:4   | Paralysed by a floating eye for 4 turns
 11243 | Lair:5   | Found a dark tunnel.
 11250 | Volcano  | Entered a volcano
 11354 | Volcano  | Noticed a fire dragon
 11368 | Volcano  | Killed a fire dragon
 11369 | Volcano  | Reached skill level 16 in Fighting
 12014 | Lair:5   | Found a staircase to the Slime Pits.
 12015 | Lair:5   | Found a viscous altar of Jiyva.
 12216 | Lair:5   | Received a gift from Okawaru
 12237 | Lair:5   | Got the Reference Book on Dusty Transmigration
 12605 | Lair:6   | Entered Level 6 of the Lair of Beasts
 12877 | Lair:5   | Reached XP level 14. HP: 138/138 MP: 17/17
 12887 | Lair:5   | Reached skill level 17 in Fighting
 13127 | Lair:6   | Found a transporter.
 13201 | Lair:6   | Found a transporter.
 13230 | Lair:6   | Noticed Soleutoll's ghost (journeyman GnVM)
 13353 | Lair:6   | Received a gift from Okawaru
 13478 | Lair:6   | Reached skill level 18 in Fighting
 13482 | Lair:6   | Noticed Nessos
 13497 | Lair:6   | Killed Nessos
 13513 | Lair:6   | Received a gift from Okawaru
 13817 | Lair:6   | HP: 3/144 [Soleutoll's ghost (17)]
 13817 | Lair:6   | Slain by Soleutoll's ghost

Illustrated notes

Levels and vault maps discovered:
D:1:      denvon_arrival_planthouse, layout_rooms, serial_shops, shop,
          hellmonk_ecumenical_altar_arch_garden
D:2:      layout_basic, basic_altar, skrybe_limestone_x, feat_on_display
D:3:      layout_loops_ring
D:4:      layout_gridville, minmay_temple_entry_statues_pillars,
          hangedman_abyss_or_decor_stagger
D:5:      layout_basic, uniq_sigmund
D:6:      layout_basic
D:7:      layout_gridville
D:8:      layout_loops_cross, nicolae_dithmenos_through_a_glass_darkly,
          glass_columns_c
D:9:      layout_rooms
D:10:     layout_basic, due_lair_maze_entry_diamond
D:11:     layout_basic, dk_vineyard_3, uniq_nergalle
Temple:   kilobyte_greek_temple
Lair:1:   layout_loops_ring
Lair:2:   layout_misc_corridors, uniq_sonja
Lair:3:   layout_misc_corridors, skrybe_swamp_entry_bodies, dummy_spider_entry,
          chequers_serial_rivers_large_b, uniq_snorg
Lair:4:   layout_cave_pods, disabler_island, lemuel_fruit_tree,
          grunt_megastairs_2, infiniplex_staircase_pool_2
Lair:5:   cheibrodos_lair_river_kwai, layout_regular_city, slime_altar_1,
          nicolae_volcano_entry_two_sided, serial_bayou_shore_a,
          grunt_megastairs_3
Lair:6:   evilmike_catoblepas_cave, layout_cave_pods,
          gammafunk_ghost_abyssal_escape, uniq_nessos

Skill      XL: |  1  2  3  4  5  6  7  8  9 10 11 12 13 14 |
---------------+-------------------------------------------+-----
Dodging        | 1 2 3 4 6 8 |  8.0
Fighting       | 4 5 6 8 10 12 14 15 16 18 | 18.3
Maces & Flails | 3 4 5 6 8 10 11 14 15 16 | 16.0
Armour         | 4 6 8 10 11 | 11.6
Shields        | 4 6 8 10 11 | 11.0
Invocations    | 2 3 4 5 6 |  6.0

Action                   |  1- 3 |  4- 6 |  7- 9 | 10-12 | 13-15 || total
-------------------------+-------+-------+-------+-------+-------++-------
Melee: Flail             |    61 |    41 |       |       |       ||   102
       Headbutt          |     9 |    24 |    50 |   158 |   143 ||   384
       Morningstar       |       |    82 |   235 |   496 |   434 ||  1247
Invok: Heroism           |       |       |       |     1 |       ||     1
  Use: Scroll            |       |     4 |     7 |     7 |     6 ||    24
       Potion            |       |       |     2 |     1 |     1 ||     4
Armor: Scale mail        |    21 |    49 |     9 |       |       ||    79
       Chain mail        |       |       |    95 |       |       ||    95
       Skin              |       |       |    31 |       |       ||    31
       Plate armour      |       |       |     5 |   243 |   204 ||   452
Dodge: Dodged            |    27 |    72 |    95 |   151 |   145 ||   490
Block: Buckler           |     9 |    39 |     7 |       |       ||    55
       Kite shield       |       |       |   123 |   267 |   225 ||   615

Table legend: (Time is in decaauts)
 A = Elapsed time spent in this place.
 B = Non-inter-level travel time spent in this place.
 C = Inter-level travel time spent in this place.
 D = Time resting spent in this place.
 E = Time spent auto-exploring this place.
 F = Levels seen in this place.
 G = Mean time per level.
                   A        B        C        D        E       F      G
               +--------+--------+--------+--------+--------+-----+--------+
         Total |  13920 |  13299 |    621 |    896 |   8932 |  20 |  696.0 |
       Dungeon |   7497 |   7098 |    399 |    355 |   4977 |  11 |  681.5 |
        Temple |    155 |    118 |     37 |      0 |     99 |   1 |  155.0 |
          Lair |   5954 |   5770 |    184 |    482 |   3772 |   6 |  992.3 |
         Abyss |    133 |    133 |      0 |     59 |      0 |   1 |  133.0 |
       Volcano |    179 |    179 |      0 |      0 |     84 |   1 |  179.0 |
               +--------+--------+--------+--------+--------+-----+--------+

Top non-repeatable levels by time:
  Lair:5: 1415 daAuts
  Lair:4: 1018 daAuts
  Lair:6: 951 daAuts
  Lair:3: 937 daAuts
     D:4: 826 daAuts
  Lair:1: 823 daAuts
    D:11: 818 daAuts
  Lair:2: 808 daAuts
     D:8: 776 daAuts
     D:6: 704 daAuts
     D:3: 677 daAuts
     D:1: 660 daAuts
     D:7: 649 daAuts
    D:10: 642 daAuts
     D:5: 612 daAuts
